 Dungeon Crawl Stone Soup version 0.16.0 (webtiles) character file.

155 Chiseanne the Magician (level 5, 0/45 HPs)
             Began as a Gargoyle Transmuter on Mar 14, 2015.
             Slain by a centaur (5 damage)
             ... on level 5 of the Dungeon.
             The game lasted 00:11:29 (2628 turns).

Chiseanne the Magician (Gargoyle Transmuter)        Turns: 2628, Time: 00:11:29

Health: 0/45       AC: 22    Str: 14    XL:     5   Next: 37%
Magic:  11/11      EV:  2    Int: 13    God:
Gold:   73         SH:  0    Dex: 11    Spells: 2 memorised, 7 levels left

rFire  + . .     SeeInvis .     k - +3 hand axe (freeze)
rCold  . . .     Clarity  .     o - melded +0 leather armour
rNeg   + + +     SustAb   +     (no shield)
rPois  ∞         Gourm    .     (helmet currently unavailable)
rElec  .         Spirit   .     (cloak currently unavailable)
rCorr  .         Warding  .     v - melded +0 pair of gloves
rMut   .         NoTele   +     (boots currently unavailable)
MR     .....                    (no amulet)
Stlth  +.........               p - ring of protection from fire
                                t - ring of sustain abilities

@: tree-form, not resistant to hostile enchantments, very unstealthy
A: negative energy resistance 1, (electricity resistance), (unbreathing),
petrification resistance, rot immunity, AC +4
a: no special abilities


You were on level 5 of the Dungeon.
You were not hungry.
You were a tree.
You visited 1 branch of the dungeon, and saw 5 of its levels.

You collected 73 gold pieces.

Inventory:

Hand weapons
 k - a +3 hand axe of freezing (weapon)
 w - a +0 blowgun
Missiles
 b - 30 arrows
 e - 2 javelins (quivered)
 g - 2 tomahawks
 h - 7 curare-tipped needles
 j - 15 silver sling bullets
 n - 24 bolts
Armour
 o - a +0 leather armour (melded)
 q - a +0 shield
 v - a +0 pair of gloves (melded)
Jewellery
 c - a +4 ring of intelligence
 p - a ring of protection from fire (right branch)
 s - an uncursed ring of wizardry
 t - a ring of sustain abilities (left branch)
Scrolls
 f - 2 scrolls of identify
 i - 3 scrolls of remove curse
 r - a scroll of recharging
Potions
 l - a potion of cure mutation
 m - a potion of lignification
Books
 d - a book of Changes

   Spells                             Type                      Level
   a - Beastly Appendage              Transmutation                1
   b - Sticks to Snakes               Transmutation                2
   c - Spider Form                    Transmutation/Poison         3
   d - Ice Form                       Ice/Transmutation            4
   e - Blade Hands                    Transmutation                5
Comestibles
 a - 3 bread rations
 u - a meat ration


   Skills:
 * Level 1.7 Fighting
 * Level 1.5 Armour
 - Level 2.3 Dodging
 - Level 3.0 Unarmed Combat
 * Level 3.1 Spellcasting
 * Level 2.7 Transmutations


You had 7 spell levels left.
You knew the following spells:

 Your Spells              Type           Power        Failure   Level  Hunger
a - Beastly Appendage     Trmt           #.....       10%         1    #......
b - Sticks to Snakes      Trmt           #.........   12%         2    ##.....


Dungeon Overview and Level Annotations

Branches:
Dungeon (5/15)
 Temple: D:4-7

Altars:


Innate Abilities, Weirdness & Mutations

You are resistant to torment.
You are immune to poison.
((Your stone body is very resilient (AC +4).))
You resist negative energy.
((You are resistant to electric shocks.))
((You can survive without breathing.))
You are immune to petrification.
You are immune to rotting.


Message History

Your +0 leather armour melds into your body.
Your roots penetrate the ground.
The centaur hits you.
* * * LOW HITPOINT WARNING * * *
The centaur hits you.
* * * LOW HITPOINT WARNING * * *
You hit the centaur! You freeze the centaur.
The centaur is severely wounded.
The centaur hits you but does no damage. x2
You hit the centaur. You freeze the centaur.
The centaur is almost dead.
The centaur hits you but does no damage.
The centaur completely misses you.
You barely miss the centaur.
The centaur is almost dead.
The centaur barely misses you.
The centaur hits you but does no damage.
You barely miss the centaur.
The centaur is almost dead.
The centaur hits you.
You die...

..........# ##..#..## ###....
..........###..###..###..#.#.
...........#(.## ##..........
..............## ##..#.#.#.#
........)(.((## ####......
.............# #.#.#.#.
............##### ##......
...........(#...## #.#.#.#
............♣....# ##.....
............c#..# #.#.#.
..........### .# ##....
........## #.#.# .......#
#.... .....## #.### ##### #.#
#.# ###


You could see a centaur.

Vanquished Creatures
  A giant frog skeleton (D:5)
  An orc priest (D:5)
  An orc wizard (D:5)
  Terence (D:2)
  An adder (D:5)
  A giant gecko (D:4)
  2 orcs (D:5)
  10 bats
  A bat skeleton (D:5)
  2 giant cockroaches
  2 goblins (D:1)
  8 hobgoblins
  2 ball pythons (D:1)
  2 giant newts
  6 kobolds
  7 rats
48 creatures vanquished.

Notes
Turn   | Place    | Note
--------------------------------------------------------------
     0 | D:1      | Chiseanne, the Gargoyle Transmuter, began the quest for the Orb.
     0 | D:1      | Reached XP level 1. HP: 12/12 MP: 3/3
   289 | D:1      | Reached XP level 2. HP: 2/16 MP: 2/4
  1039 | D:1      | Reached XP level 3. HP: 12/20 MP: 4/6
  1267 | D:2      | Noticed Terence
  1298 | D:2      | Killed Terence
  1705 | D:5      | Entered Level 5 of the Dungeon
  1716 | D:5      | Reached XP level 4. HP: 23/25 MP: 5/8
  2019 | D:5      | Reached XP level 5. HP: 5/30 MP: 9/11
  2361 | D:5      | Reached skill level 1 in Armour
  2385 | D:5      | Learned a level 2 spell: Sticks to Snakes
  2616 | D:5      | Noticed a centaur
  2628 | D:5      | Slain by a centaur

Action                   |  1- 3 |  4- 6 || total
-------------------------+-------+-------++-------
Melee: Unarmed           |   133 |    38 ||   171
       Hand axe          |       |    15 ||    15
Throw: Javelin           |       |     2 ||     2
 Cast: Beastly Appendage |    29 |     9 ||    38
  Use: Scroll            |     6 |     4 ||    10
       Potion            |       |     4 ||     4
  Eat: Chunk             |     3 |     3 ||     6
